 Dungeon Crawl Stone Soup version 0.27.1-33-g824d729ab1 (webtiles) character file.

Game seed: 4957742306398906381

131 demibob the Ruffian (level 4, -2/44 HPs)
             Began as a Troll Fighter on Nov 27, 2021.
             Slain by a centaur zombie (4 damage)
             ... on level 6 of the Dungeon.
             The game lasted 00:02:51 (1477 turns).

demibob the Ruffian (Troll Fighter)                 Turns: 1477, Time: 00:02:51

Health: -2/44      AC:  4    Str: 24    XL:     4   Next: 91%
Magic:  3/3        EV:  8    Int:  4    God:
Gold:   62         SH:  9    Dex: 10    Spells: 3/3 levels left

rFire    . . .     SeeInvis .     - Unarmed
rCold    . . .     Faith    .   b - +0 kite shield
rNeg     . . .     Spirit   .   a - +0 robe
rPois    .         Reflect  .   (helmet restricted)
rElec    .         Harm     .   (no cloak)
rCorr    .         Rampage  .   (gloves unavailable)
Will     .....                  (boots unavailable)
Stlth    +.........             (no amulet)
HPRegen  1.14/turn              (no ring)
MPRegen  0.08/turn              (no ring)

@: brilliant, flying
A: large, unfitting armour, claws 3, regeneration 1, shaggy fur 1, tough skin 1
a: no special abilities


You were on level 6 of the Dungeon.
You visited 1 branch of the dungeon, and saw 4 of its levels.

You collected 62 gold pieces.


Innate Abilities, Weirdness & Mutations

You are too large for most types of armour.
You have claws for hands.
Your natural rate of healing is unusually fast.
You are covered in fur. (AC +1)
You have tough skin. (AC +1)


   Skills:
 - Level 2.4 Fighting
 - Level 2.4 Dodging
 + Level 3.7 Shields
 + Level 3.9 Unarmed Combat


You had 3 spell levels left.
You didn't know any spells.
Your spell library contained the following spells:

 Spells                   Type           Power      Damage    Failure   Level
 Call Canine Familiar     Summ           0%         N/A       99%         3
 Portal Projectile        Hex/Tloc       0%         N/A       99%         3
 Leda's Liquefaction      Hex/Erth       0%         N/A       100%        4

Inventory:

Missiles
 e - 7 atropa-tipped darts (quivered)
 m - 12 poisoned darts
Armour
 a - a +0 robe (worn)
 b - a +0 kite shield (worn)
Scrolls
 d - a scroll of silence {unknown}
 g - a scroll of amnesia {unknown}
 h - a scroll of blinking {unknown}
 i - 2 scrolls of enchant armour
 l - a scroll of noise {unknown}
 o - a scroll of fear {unknown}
Potions
 c - a potion of might
 f - a potion of flight
 j - a potion of curing {@q1}
 n - a potion of brilliance

Dungeon Overview and Level Annotations

Branches:
Dungeon (3/15)

Altars:

.# ##.## #...# #...#
#...# .. #####...##### #
..g##.......ggg.##.#.##.
............gggg@gg.g...
...##...>..gg.gZ##g....>
. #####...##### ###.#
#...# #...# #...# ##.##
... #.#


You could see 3 gnoll shamans, 11 gnolls and a centaur zombie.


Message History

A gnoll comes into view. It is wielding a +0 club.
The gnoll shouts!
A gnoll comes into view. It is wielding a +0 spear.
A gnoll shaman comes into view. It is wielding a +0 whip.
Found a stone staircase leading down.
The gnoll shaman shouts!
A gnoll comes into view. It is wielding a +0 club.
It was a potion of brilliance.
You feel clever all of a sudden.
The gnoll hits you from afar with a +3 spear!
* * * LOW HITPOINT WARNING * * *
It was a potion of flight.
You feel very buoyant.
You fly up into the air.
The gnoll hits you from afar with a +3 spear.
* * * LOW HITPOINT WARNING * * *
You block the gnoll's attack. The gnoll barely misses you.
It was a potion of curing.
You feel better. The centaur zombie hits you.
* * * LOW HITPOINT WARNING * * *
The centaur zombie barely misses you. The gnoll barely misses you.
The gnoll shaman hits you with a +0 whip.
* * * LOW HITPOINT WARNING * * *
The gnoll hits you from afar with a +0 spear.
* * * LOW HITPOINT WARNING * * *
You block the gnoll's attack.
As you read the scroll labelled ZUCUNA REZYNIUPH, it crumbles to dust.
It is a scroll of identify.
i - 2 scrolls of enchant armour The centaur zombie hits you.
You die...

Skill      XL: |  1  2  3 |
---------------+----------+-----
Shields        | 3 |  3.7
Unarmed Combat | 3 |  3.9
Fighting       | |  2.4
Dodging        | |  2.4

Action                   |  1- 3 |  4- 6 || total
-------------------------+-------+-------++-------
Melee: Unarmed           |   110 |     3 ||   113
  Use: Potion            |       |     3 ||     3
       Scroll            |       |     1 ||     1
 Stab: Sleeping          |     3 |       ||     3
Armor: Robe              |    33 |     2 ||    35
Dodge: Dodged            |    33 |    10 ||    43
Block: Kite shield       |    42 |    13 ||    55

Levels and vault maps discovered:
D:1:      dpeg_chamrin_arrival_tetris, layout_loops_cross,
          shapermc_ecumenical_altar_totnotflames
D:2:      layout_loops_ring, serial_undead, serial_undead_c, serial_undead_b,
          serial_undead_b, serial_undead_c, serial_undead_a, serial_undead_f,
          kennysheep_generic_room_12
D:3:      layout_loops_cross
D:6:      layout_loops_cross, mainiacjoe_overflow_alcove_2

Notes
Turn   | Place    | Note
-------+----------+-------------------------------------------
     0 | D:1      | demibob the Troll Fighter began the quest for the Orb.
     0 | D:1      | Reached XP level 1. HP: 22/22 MP: 0/0
   191 | D:1      | Found a faded altar of an unknown god.
   220 | D:1      | Reached XP level 2. HP: 29/29 MP: 1/1
   449 | D:1      | Reached skill level 3 in Shields
   475 | D:1      | Reached XP level 3. HP: 36/36 MP: 2/2
   808 | D:2      | Reached skill level 3 in Unarmed Combat
  1432 | D:3      | Noticed a scorpion
  1442 | D:3      | Killed a scorpion
  1443 | D:3      | Reached XP level 4. HP: 44/44 MP: 3/3
  1459 | D:3      | You fall into a shaft and drop 3 floors!
  1467 | D:6      | HP: 4/44 [gnoll (7)]
  1474 | D:6      | HP: 4/44 [gnoll (8)]
  1476 | D:6      | HP: 1/44 [gnoll (2)]
  1477 | D:6      | Slain by a centaur zombie

Vanquished Creatures
  A scorpion (D:3)
  A gnoll (D:6)
  An adder zombie (D:2)
  3 dart slugs
  5 ball pythons
  5 endoplasms
  2 giant cockroaches (D:2)
  3 goblins
  4 hobgoblins
  3 jackals (D:1)
  3 quokkas
  A ball python skeleton (D:2)
  4 bats
  3 frilled lizards
  5 kobolds
  2 quokka skeletons (D:2)
  2 rats (D:1)
48 creatures vanquished.

Vanquished Creatures (others)
  4 withered plants (D:2)
4 creatures vanquished.

Grand Total: 52 creatures vanquished

Table legend: (Time is in decaauts)
 A = Elapsed time spent in this place.
 B = Non-inter-level travel time spent in this place.
 C = Inter-level travel time spent in this place.
 D = Time resting spent in this place.
 E = Time spent auto-exploring this place.
 F = Levels seen in this place.
 G = Mean time per level.
                   A        B        C        D        E       F      G
               +--------+--------+--------+--------+--------+-----+--------+
         Total |   1493 |   1437 |     56 |      0 |   1107 |   4 |  373.2 |
       Dungeon |   1493 |   1437 |     56 |      0 |   1107 |   4 |  373.2 |
               +--------+--------+--------+--------+--------+-----+--------+

Top non-repeatable levels by time:
     D:1: 768 daAuts
     D:2: 678 daAuts
     D:3: 28 daAuts
     D:6: 18 daAuts

Table legend:
 A = Non-vault XP
 B = Vault XP
 C = Vault XP percentage of total XP
 D = Non-vault monster count
 E = Vault monster count
 F = Vault count percentage of total count
                 A         B        C        D         E       F
            +---------+---------+-------+---------+---------+-------
      Total |     177 |      11 |   5.9 |      43 |       5 |  10.4
            +---------+---------+-------+---------+---------+-------
        D:1 |      48 |       0 |   0.0 |      26 |       0 |   0.0
        D:2 |      27 |      11 |  28.9 |      15 |       5 |  25.0
        D:3 |      88 |       0 |   0.0 |       1 |       0 |   0.0
        D:6 |      14 |       0 |   0.0 |       1 |       0 |   0.0
            +---------+---------+-------+---------+---------+-------
